 Dungeon Crawl Stone Soup version 0.17-a0-1596-g1e86911 (webtiles) character file.

19953 karlkraus the Blocker (level 12, -7/118 HPs)
             Began as a Minotaur Fighter on July 30, 2015.
             Engulfed by a cloud of freezing vapour (9 damage)
             ... in an ice cave.
             The game lasted 00:37:50 (11032 turns).

karlkraus the Blocker (Minotaur Fighter)           Turns: 11032, Time: 00:37:51

Health: -7/118     AC: 26    Str: 30    XL:     12   Next: 41%
Magic:  11/11      EV: 11    Int: 15    God:    Xom [...*..]
Gold:   482        SH: 14    Dex:  5    Spells: 0 memorised, 11 levels left

rFire  . . .     SeeInvis .     R - +1 flail (crush)
rCold  + . .     Clarity  +     E - +1 plate armour
rNeg   + . .     SustAt   .     c - +1 shield
rPois  .         Gourm    .     (helmet restricted)
rElec  .         Spirit   .     v - +2 cloak
rCorr  .         Warding  .     C - +0 pair of gloves "Memekutt" {rN+ Str+4 Int+10 Dex-4}
rMut   .         Stasis   .     j - +0 pair of boots
MR     ++...                    w - amulet of clarity
Stlth  ..........               K - +2 ring of evasion
                                J - +2 ring of strength

@: very resistant to hostile enchantments, extremely unstealthy
A: retaliatory headbutt, horns 2, rough black scales 1, camouflage 1, berserk 1,
clarity, cold resistance 1, magic resistance 2, robust 1, spit poison 1, weak 1,
MP-powered wands
a: Spit Poison, Renounce Religion


You were in an ice cave.
You worshipped Xom.
You were a favourite toy of Xom.
You were not hungry.

You visited 3 branches of the dungeon, and saw 15 of its levels.
You also visited: Ice Cave.

You collected 680 gold pieces.
You spent 198 gold pieces at shops.

Inventory:

Hand weapons
 G - a +2 flail of holy wrath
 R - a +1 flail of crushing (weapon)
Armour
 c - a +1 shield (worn)
 j - a +0 pair of boots (worn)
 v - a +2 cloak (worn)
 C - the +0 pair of gloves "Memekutt" (worn) {rN+ Str+4 Int+10 Dex-4}
   (You found it on level 11 of the Dungeon)

   It affects your strength (+4).
   It affects your intelligence (+10).
   It affects your dexterity (-4).
   It protects you from negative energy.
 E - a +1 plate armour (worn)
Jewellery
 f - an uncursed ring of wizardry {unknown}
 w - an amulet of clarity (around neck)
 F - an uncursed ring of ice
 J - a +2 ring of strength (left hand)
 K - a +2 ring of evasion (right hand)
Magical devices
 i - a wand of confusion (31)
Scrolls
 a - a scroll of amnesia {unknown}
 d - 5 scrolls of remove curse
 l - a scroll of brand weapon {unknown}
 y - 2 scrolls of recharging
 D - a scroll of identify
 H - a scroll of teleportation
Potions
 b - 2 potions of brilliance
 g - 3 potions of haste
 k - a potion of cancellation
 n - a potion of magic
 o - 2 potions of berserk rage
 p - 7 potions of curing
 q - a potion of heal wounds
 r - a potion of invisibility
 s - a potion of agility
 u - a potion of flight
 x - 3 potions of lignification
 z - a potion of resistance
 A - 4 potions of cure mutation
Books
 t - a book of Dreams

   Spells                             Type                      Level
   a - Ensorcelled Hibernation        Hexes/Ice                    2
   b - Phase Shift                    Translocation                5
   c - Shadow Creatures               Summoning                    5
   d - Silence                        Hexes/Air                    5
   e - Darkness                       Hexes                        6
   f - Mass Confusion                 Hexes                        6
Miscellaneous
 L - a crystal ball of energy
Comestibles
 e - 11 bread rations
 h - 9 meat rations
 m - 6 fruits
 B - 8 beef jerkies
 I - 3 slices of pizza
 M - 6 chunks of flesh


   Skills:
 + Level 10.6 Fighting
 + Level 12.5 Maces & Flails
 + Level 11.7 Armour
 + Level 5.1 Dodging
 + Level 2.1 Stealth
 + Level 13.7 Shields


You had 11 spell levels left.
You didn't know any spells.

Dungeon Overview and Level Annotations

Branches:
Dungeon (11/15)            Temple (1/1) D:6            Lair (3/8) D:10
    Orc (0/4) D:10
  Swamp: Lair:3-6    Shoals: Lair:3-6     Snake: Lair:3-6    Spider: Lair:3-6

Altars:
Ashenzari
Cheibriados
Dithmenos
Elyvilon
Fedhas
Gozag
Kikubaaqudgha
Makhleb
Nemelex Xobeh
Okawaru
Qazlal
Ru
Sif Muna
Trog
Vehumet
Xom
Yredelemnul
Zin
The Shining One
Beogh

Shops:
D:11 *


Innate Abilities, Weirdness & Mutations

You reflexively headbutt those who attack you in melee.
You have a pair of horns on your head.
You are partially covered in rough black scales (AC +4, Dex -1).
Your skin changes colour to match your surroundings (Stealth).
You tend to lose your temper in combat.
You possess an exceptional clarity of mind.
Your flesh is cold resistant.
You are highly resistant to hostile enchantments.
You are robust (+10% HP).
You can spit weak poison.
You are weak. (Str -2)
You expend magic power (3 MP) to strengthen your wands.


Message History

The polar bear misses you.
The polar bear claws you but does no damage.
You block the polar bear's attack.
You sock the polar bear! You headbutt the polar bear.
You kill the polar bear!
You are engulfed in freezing vapours.
You resist.
* * * LOW HITPOINT WARNING * * *
The polar bear is engulfed in freezing vapours.
The polar bear barely misses you. You furiously retaliate!
You headbutt the polar bear, but do no damage.
You block the polar bear's attack. The polar bear closely misses you.
You bludgeon the polar bear!!
You kill the polar bear!
You are engulfed in freezing vapours.
You resist.
* * * LOW HITPOINT WARNING * * *
You see here a polar bear corpse.
You are engulfed in freezing vapours.
You resist.
* * * LOW HITPOINT WARNING * * *
You are engulfed in freezing vapours.
You resist.
You die...

#### #######..# ####
##.#....∩.# #...###
###.....∩†.##
.....#§###§.....†.###
#...#§#§.###.####
#.†§@§## ### ##§§§##
##§## ###


There were no monsters in sight!

Vanquished Creatures
  2 hydras
  Erica (D:9)
  The ghost of bohran the Ducker, an experienced DrBe of Trog (D:7)
  The ghost of Gruud the Frost Mage, an experienced DsIE of Qazlal (D:10)
  Pikel (D:7)
  2 hill giants (D:10)
  A black mamba (Lair:2)
  4 spiny frogs (Lair:2)
  2 komodo dragons
  A two-headed ogre (D:9)
  Prince Ribbit (Lair:2)
  A fire drake (Lair:2)
  3 polar bears (IceCv)
  2 blink frogs (Lair:2)
  2 wyverns
  15 yaks
  Grum (D:10)
  2 hippogriffs
  2 hungry ghosts
  14 wolves
  2 slaves (D:7)
  4 water moccasins
  5 orc warriors
  Duvessa (D:7)
  2 porcupines
  5 sky beasts
  2 black bears
  7 centaurs
  A necrophage (D:7)
  9 ice beasts
  A phantom (D:3)
  6 ogres
  A big kobold (D:10)
  5 crocodiles
  Dowan (D:7)
  9 scorpions
  6 giant frogs
  An electric eel (Lair:2)
  6 crimson imps
  4 centaur zombies
  A quasit (D:11)
  A wasp zombie (D:5)
  3 giant frog skeletons
  5 orc priests
  2 giant frog zombies
  A hound (D:4)
  4 jellies
  Jessica (D:2)
  2 centaur skeletons
  11 orc wizards
  2 iguanas
  11 worker ants
  A hound zombie (D:5)
  A worker ant zombie (D:9)
  7 gnolls
  14 adders
  An ooze (D:3)
  An adder zombie (D:10)
  A worm (D:4)
  7 giant geckos
  30 orcs
  2 ball pythons
  8 bats
  6 giant cockroaches
  4 goblins
  6 hobgoblins
  2 jackals (D:3)
  9 quokkas
  2 giant newts
  11 kobolds
  A rat (D:2)
  3 fungi (D:5)
  A plant (Lair:3)
299 creatures vanquished.

Vanquished Creatures (collateral kills)
  An ugly thing (D:11)
  A worker ant (D:9)
2 creatures vanquished.

Vanquished Creatures (others)
  2 yaks
  A hungry ghost (D:10)
  An orc (D:7)
  4 fungi
  2 plants (Lair:3)
10 creatures vanquished.

Grand Total: 311 creatures vanquished

Notes
Turn   | Place    | Note
--------------------------------------------------------------
     0 | D:1      | karlkraus the Minotaur Fighter began the quest for the Orb.
     0 | D:1      | Reached XP level 1. HP: 19/19 MP: 0/0
   497 | D:2      | Reached XP level 2. HP: 25/27 MP: 1/1
   556 | D:2      | Reached skill level 4 in Armour
   639 | D:2      | Reached XP level 3. HP: 15/33 MP: 2/2
   855 | D:2      | Noticed Jessica
   858 | D:2      | Killed Jessica
   858 | D:2      | Reached XP level 4. HP: 38/40 MP: 3/3
  1266 | D:2      | Found a burning altar of Makhleb.
  1518 | D:3      | Found Zin's Purification Station.
  1521 | D:3      | Found a glowing silver altar of Zin.
  1530 | D:3      | Bought a potion of curing for 90 gold pieces
  1617 | D:3      | Noticed a phantom
  1650 | D:3      | Killed a phantom
  1650 | D:3      | Reached skill level 5 in Armour
  1650 | D:3      | Reached skill level 1 in Dodging
  1650 | D:3      | Reached XP level 5. HP: 14/46 MP: 4/4
  1851 | D:3      | Reached skill level 5 in Shields
  2067 | D:4      | Noticed an ogre
  2073 | D:4      | Killed an ogre
  2073 | D:4      | Reached XP level 6. HP: 48/53 MP: 5/5
  2130 | D:4      | Noticed an ogre
  2134 | D:4      | Killed an ogre
  2139 | D:4      | Found a sparkling altar of Nemelex Xobeh.
  2251 | D:4      | Reached skill level 5 in Fighting
  2392 | D:4      | Reached XP level 7. HP: 50/61 MP: 6/6
  2523 | D:4      | Reached skill level 1 in Stealth
  2527 | D:5      | Entered Level 5 of the Dungeon
  2651 | D:5      | Reached skill level 5 in Maces & Flails
  2651 | D:5      | Reached skill level 6 in Armour
  2918 | D:5      | Reached XP level 8. HP: 68/68 MP: 7/7
  2929 | D:5      | Reached skill level 7 in Shields
  3302 | D:5      | Found a blossoming altar of Fedhas.
  3532 | D:6      | Reached skill level 8 in Shields
  3816 | D:6      | Found a staircase to the Ecumenical Temple.
  3826 | Temple   | Entered the Ecumenical Temple
  4441 | D:6      | Reached XP level 9. HP: 75/75 MP: 8/8
  4530 | D:7      | Noticed Duvessa
  4530 | D:7      | Noticed Dowan
  4534 | D:7      | Noticed Pikel
  4535 | D:7      | Killed Duvessa
  4541 | D:7      | Killed Dowan
  4550 | D:7      | Killed Pikel
  4550 | D:7      | Reached skill level 9 in Shields
  4916 | D:7      | Noticed bohran's ghost (experienced DrBe)
  4935 | D:7      | Killed bohran's ghost
  4935 | D:7      | Reached skill level 10 in Shields
  5000 | D:7      | Found a deep blue altar of Sif Muna.
  5538 | D:7      | Reached XP level 10. HP: 38/86 MP: 9/9
  5565 | D:7      | Found a glowing golden altar of the Shining One.
  5565 | D:7      | Found a snail-covered altar of Cheibriados.
  5938 | D:8      | You fall through a shaft for 3 floors!
  5951 | D:11     | Got a pair of twisted gloves
  5966 | D:11     | Identified the +0 pair of gloves "Memekutt" {rN+ Str+4 Int+10 Dex-4} (You found it on level 11 of the Dungeon)
  6132 | D:10     | Entered Level 10 of the Dungeon
  6169 | D:10     | Found a staircase to the Lair.
  6172 | D:10     | Noticed Grum
  6174 | D:10     | Noticed a hill giant
  6192 | D:10     | Killed a hill giant
  6203 | D:10     | Killed Grum
  6422 | D:8      | Found a shimmering altar of Xom.
  6450 | D:8      | Became a worshipper of Xom of Chaos
  6454 | D:8      | Gained mutation: You are weak. (Str -2) [mutagenic meat]
  6455 | D:8      | Gained mutation: You are robust (+10% HP). [mutagenic meat]
  6457 | D:8      | Gained mutation: You can spit weak poison. [mutagenic meat]
  6506 | D:8      | Found an iron altar of Okawaru.
  6506 | D:8      | Found a bloodstained altar of Trog.
  6509 | D:8      | XOM: silly message
  6518 | D:8      | Reached skill level 11 in Shields
  6732 | D:8      | Found a deep blue altar of Sif Muna.
  6823 | D:8      | XOM: divination: detect creatures
  6952 | D:9      | Found a stormy altar of Qazlal.
  6956 | D:9      | Noticed Erica
  6966 | D:9      | Killed Erica
  6966 | D:9      | Reached skill level 10 in Maces & Flails
  6966 | D:9      | Reached skill level 10 in Armour
  7056 | D:9      | XOM: silly message
  7208 | D:9      | XOM: summons 2 friendly demons
  7507 | D:9      | XOM: god gift: 35 gold pieces
  7592 | D:10     | XOM: harmless Fire miscast
  7665 | D:10     | Identified Cigotuvi's Collected Works on Shifting Evil
  7708 | D:10     | XOM: mild Necr miscast
  7722 | D:10     | Noticed Gruud's ghost (experienced DsIE)
  7733 | D:10     | Killed Gruud's ghost
  7733 | D:10     | Reached XP level 11. HP: 36/106 MP: 10/10
  7742 | D:10     | Gained mutation: You are resistant to hostile enchantments. [mutagenic meat]
  7743 | D:10     | Gained mutation: You possess an exceptional clarity of mind. [mutagenic meat]
  7744 | D:10     | Gained mutation: You tend to lose your temper in combat. [mutagenic meat]
  7747 | D:10     | Lost mutation: You can spit weak poison. [mutagenic meat]
  7748 | D:10     | Gained mutation: Your skin changes colour to match your surroundings (Stealth). [mutagenic meat]
  7749 | D:10     | Gained mutation: You can spit weak poison. [mutagenic meat]
  7750 | D:10     | Gained mutation: Your flesh is cold resistant. [mutagenic meat]
  7823 | D:10     | Found a staircase to the Orcish Mines.
  7840 | D:10     | Found a roughly hewn altar of Beogh.
  8024 | D:10     | XOM: god gift: scroll of enchant weapon
  8204 | D:10     | Gained mutation: You are partially covered in rough black scales (AC +4, Dex -1). [potion of mutation]
  8205 | D:10     | Gained mutation: You expend magic power (3 MP) to strengthen your wands. [potion of mutation]
  8223 | D:10     | Noticed a hill giant
  8229 | D:10     | Killed a hill giant
  8280 | D:10     | XOM: colour smoke trail
  8632 | D:11     | XOM: summons friendly iron imp
  8635 | D:11     | XOM: mild Conj miscast
  8646 | D:11     | Noticed a green ugly thing
  8649 | D:11     | XOM: enchant monster (bad)
  8652 | D:11     | XOM: blink monster(s)
  8667 | D:11     | Killed a green ugly thing
  8667 | D:11     | Reached skill level 12 in Shields
  8672 | D:11     | Gained mutation: You are highly resistant to hostile enchantments. [mutagenic meat]
  8795 | D:11     | Found Voni Ile's Assorted Antiques.
  8798 | D:11     | Bought a potion of mutation for 77 gold pieces
  8798 | D:11     | Bought a scroll labeled NAGUAZ HONK for 31 gold pieces
  9103 | Lair:1   | Entered Level 1 of the Lair of Beasts
  9150 | Lair:1   | XOM: noise
  9534 | Lair:1   | XOM: god gift: 20 gold pieces
  9565 | Lair:1   | XOM: enchant monster (good)
  9784 | Lair:2   | XOM: enchant monster (good)
  9791 | Lair:2   | XOM: silly message
  9817 | Lair:2   | XOM: enchant monster (good)
 10046 | Lair:2   | Reached skill level 10 in Fighting
 10283 | Lair:2   | XOM: medium Fire miscast
 10314 | Lair:2   | XOM: polymorph wolf -> sky beast
 10413 | Lair:2   | XOM: chaos cloud
 10414 | Lair:2   | XOM: blink monster(s)
 10421 | Lair:2   | Reached XP level 12. HP: 111/116 MP: 11/11
 10597 | Lair:2   | Noticed Prince Ribbit
 10682 | Lair:2   | Noticed a six-headed hydra
 10686 | Lair:2   | XOM: medium Pois miscast
 10691 | Lair:2   | Killed a six-headed hydra
 10691 | Lair:2   | Reached skill level 13 in Shields
 10759 | Lair:2   | XOM: medium Trmt miscast
 10785 | Lair:2   | Killed Prince Ribbit
 10833 | Lair:3   | XOM: noise
 10870 | Lair:3   | XOM: chaos cloud
 10901 | Lair:3   | Reached skill level 5 in Dodging
 10917 | Lair:3   | Found a frozen archway.
 10955 | Lair:3   | Noticed a six-headed hydra
 10961 | Lair:3   | Killed a six-headed hydra
 10972 | IceCv    | Entered an ice cave
 10975 | IceCv    | XOM: mild Tloc miscast
 10976 | IceCv    | XOM: confuse monster(s)
 11031 | IceCv    | HP: 2/118 [something (10)]
 11032 | IceCv    | Engulfed by a cloud of freezing vapour

Vault maps used:
D:1:      onia_arrival_pyramid, roderic_bali_sauvastika
D:2:      bloody_makhleb, hangedman_glass_teeth, uniq_jessica
D:3:      zin_purify
D:4:      nemelex_deck, first_bread
D:5:      old_forge, kennysheep_little_box
D:6:      temple_hall, hangedman_abyss_or_decor_lesser_grid
D:7:      gammafunk_temple_overflow_wave, basic_altar, uniq_pikel, uniq_duvessa
D:8:      grunt_temple_overflow_bloody_war, lemuel_blue_sif_altar,
          xom_butterflies
D:9:      nicolae_overflow_hidden_temple, evilmike_surprise_oklob, uniq_erica
D:10:     lair_0_dummy, minmay_orc_entry_temple_small, roderic_ancient_swastika,
          minmay_item_behind_shaft, hex_large, lemuel_flamethrower_2, uniq_grum
D:11:     serial_shops, nicolae_shop_behind_doors, grunt_ogre_cave
Temple:   minmay_temple_bridge_b_8
Lair:2:   st_stairs_6, serial_bayou_pond_b, uniq_prince_ribbit2
Lair:3:   elwin_shoals_entry_stream, portal_ice_cave_entry_ice_beasts,
          serial_bayou_shore_b
IceCv:    ice_cave_caverns_02

Action                   |  1- 3 |  4- 6 |  7- 9 | 10-12 || total
-------------------------+-------+-------+-------+-------++-------
Melee: Flail             |    65 |   127 |   349 |   623 ||  1164
       Morningstar       |       |       |     7 |    41 ||    48
  Use: Potion            |     1 |       |     2 |     6 ||     9
       Scroll            |       |     4 |     9 |    17 ||    30
 Stab: Held in net/web   |       |       |     1 |       ||     1
       Distracted        |       |       |       |     1 ||     1
       Confused          |       |       |       |     1 ||     1
  Eat: Chunk             |       |     5 |     4 |    36 ||    45
       Meat ration       |       |       |     1 |       ||     1
